 Dungeon Crawl Stone Soup version 0.21.1 (webtiles) character file.

136 Miyamura the Insei (level 5, -6/34 HPs)
             Began as an Octopode Transmuter on Feb 2, 2018.
             Mangled by Natasha (9 damage)
             ... on level 2 of the Dungeon.
             The game lasted 00:04:39 (2990 turns).

Miyamura the Insei (Octopode Transmuter)            Turns: 2990, Time: 00:04:39

Health: -6/34      AC:  1    Str:  9 (10) XL:     5   Next: 19%
Magic:  8/8        EV: 14    Int: 14 (15) God:
Gold:   112        SH:  0    Dex: 12 (13) Spells: 3/9 levels left

rFire    . . .     SeeInvis .     - Unarmed
rCold    . . .     Gourm    .   (no shield)
rNeg     . . .     Faith    .   (helmet restricted)
rPois    +         Spirit   .   (no amulet)
rElec    .         Reflect  .   h - ring of poison resistance
rCorr    .         Harm     .   (no ring)
MR       .....                  (no ring)
Stlth    +++.......             (no ring)
HPRegen  0.11/turn              (no ring)
MPRegen  0.11/turn              (no ring)
                                (no ring)
                                (no ring)

@: slowed, very slow
A: almost no armour, stealthy swim, amphibious, 8 rings, constrict 8, camouflage
1, gelatinous body 1
a: no special abilities


You were on level 2 of the Dungeon.
You were not hungry.

You visited 1 branch of the dungeon, and saw 3 of its levels.

You collected 112 gold pieces.

Inventory:

Missiles
 a - 12 arrows
 d - 85 stones (quivered)
 g - 59 bolts
 k - a throwing net
 m - 52 sling bullets
 o - 12 poisoned needles
Jewellery
 h - a ring of poison resistance (left tentacle)
Scrolls
 e - a scroll of enchant weapon
 f - a scroll of teleportation
 n - 3 scrolls of identify
Potions
 i - 2 potions of heal wounds
 l - 2 potions of cancellation
 p - a potion of curing
 r - a potion of invisibility {unknown}
Books
 b - a book of Changes

   Spells                             Type                      Level
   a - Beastly Appendage              Transmutation                1
   b - Sticks to Snakes               Transmutation                2
   c - Spider Form                    Transmutation/Poison         3
   d - Ice Form                       Ice/Transmutation            4
   e - Blade Hands                    Transmutation                5
Comestibles
 c - 6 rations
 j - a chunk of flesh


   Skills:
 + Level 2.2 Fighting
 + Level 2.7 Dodging
 + Level 2.3 Stealth
 + Level 3.6 Unarmed Combat
 + Level 2.5 Spellcasting
 + Level 2.6 Transmutations


You had 3 spell levels left.
You knew the following spells:

 Your Spells              Type           Power        Failure   Level  Hunger
a - Beastly Appendage     Tmut           #.....       8%          1    #......
b - Spider Form           Tmut/Pois      #.........   36%         3    ###....
t - Sticks to Snakes      Tmut           #.......     12%         2    ###....


Dungeon Overview and Level Annotations

Branches:
Dungeon (3/15)

Altars:
Okawaru
Vehumet
Wu Jian

Annotations:
D:2 Natasha


Innate Abilities, Weirdness & Mutations

You cannot wear most types of armour.
You are very stealthy in the water. (Stealth+)
You are amphibious.
You can wear up to eight rings at the same time.
You can use your tentacles to constrict eight enemies at once.
Your skin changes colour to match your surroundings (Stealth+).
Your rubbery body absorbs attacks. (AC +1, EV +1)


Message History

You tentacle-slap the frilled lizard.
You kill the frilled lizard!
Natasha stares at you and mumbles some strange words.
You feel yourself slow down.
The goblin shoots a stone.
The stone hits you.
You see here a stone.
The goblin shoots a stone.
The stone hits you. Natasha claws you.
You see here a stone.
Natasha completely misses you.
The goblin unwields an uncursed hunting sling.
The goblin closely misses you. Natasha claws you. Natasha barely misses you.
The goblin barely misses you.
There is a stone staircase leading up here.
Natasha completely misses you. The goblin hits you.
You climb upwards.
There is a stone staircase leading down here.
It was a potion of degeneration.
There was something very wrong with that liquid.
You feel weakened.
You feel dopey.
You feel clumsy. Natasha claws you. The goblin hits you. Natasha claws you!
You die...

............# #.........).......#
.......>....###...........###...#
...........................##...#
.........................#.......
..........#.##.#........##.###...
.................................
.........##..#..................#
..........##.#...h..............#
#..##.>##.##....@g.......######..
.................................
.......).......................).
#############.#############.#####
#...........#.#...........#.#....
#.####.####.#.#.####.####.#.#.###
#....#.#....#.#....#.#....#.#....
####.#.#.####.####.#.#.####.####.
.....#.#...........#.#...........


You could see Natasha and a goblin.

Vanquished Creatures
  Robin (D:3)
  4 adders
  2 oozes (D:2)
  3 worms
  A leopard gecko (D:2)
  An orc (D:3)
  2 ball pythons (D:1)
  3 giant cockroaches
  16 goblins
  8 hobgoblins
  A quokka (D:3)
  3 bats
  6 frilled lizards
  7 kobolds
  7 rats
65 creatures vanquished.

Notes
Turn   | Place    | Note
-------+----------+-------------------------------------------
     0 | D:1      | Miyamura the Octopode Transmuter began the quest for the Orb.
     0 | D:1      | Reached XP level 1. HP: 13/13 MP: 3/3
   283 | D:1      | Reached XP level 2. HP: 18/18 MP: 5/5
   356 | D:1      | Reached skill level 1 in Stealth
   928 | D:1      | Reached XP level 3. HP: 22/23 MP: 6/6
   966 | D:1      | Learned a level 2 spell: Sticks to Snakes
   970 | D:1      | Learned a level 3 spell: Spider Form
  1263 | D:1      | Reached XP level 4. HP: 22/29 MP: 7/7
  1956 | D:2      | Found an iron altar of Okawaru.
  2707 | D:3      | Noticed Robin
  2713 | D:3      | Killed Robin
  2713 | D:3      | Reached XP level 5. HP: 32/34 MP: 6/8
  2899 | D:3      | Found a radiant altar of Vehumet.
  2901 | D:3      | Found an ornate altar of the Wu Jian Council.
  2979 | D:3      | Noticed Natasha
  2990 | D:2      | Mangled by Natasha

Skill      XL: |  1  2  3  4 |
---------------+-------------+-----
Stealth        | 1 2 |  2.3
Fighting       | 2 |  2.2
Dodging        | |  2.7
Unarmed Combat | |  3.6
Spellcasting   | |  2.5
Transmutations | |  2.6

Action                   |  1- 3 |  4- 6 || total
-------------------------+-------+-------++-------
Melee: Unarmed           |    75 |    80 ||   155
       Constrict         |    22 |    21 ||    43
       Tentacles         |    11 |    13 ||    24
       Kick              |     8 |     6 ||    14
       Punch             |       |     3 ||     3
 Cast: Beastly Appendage |     8 |     6 ||    14
  Use: Potion            |     4 |     1 ||     5
       Scroll            |     1 |     5 ||     6
 Stab: Sleeping          |     7 |     1 ||     8
  Eat: Chunk             |     1 |     6 ||     7
Armor: Skin              |    15 |     6 ||    21
Dodge: Dodged            |    65 |    31 ||    96
